 Dungeon Crawl Stone Soup version 0.32-a0-975-g85d4e5bfdb (webtiles) character file.

Game seed: 111117332494781464

4225 Autsider the Grappler (level 10, 0/98 HPs)
             Began as a Troll Fighter on Apr 19, 2024.
             Was a Follower of Wu Jian.
             Succumbed to a water moccasin's poison
             ... on level 8 of the Dungeon.
             The game lasted 00:12:24 (6563 turns).

Autsider the Grappler (Troll Fighter)               Turns: 6563, Time: 00:12:25

Health: 0/98       AC:  7    Str: 26    XL:     10   Next: 9%
Magic:  9/9        EV:  8    Int:  4    God:    Wu Jian [*.....]
Gold:   315        SH: 14    Dex: 13    Spells: 9/9 levels left

rFire   . .          .
                       - Unarmed
rCold   . . .        s - +0 tower shield {AC+3}
rNeg    . . .        a - +0 robe
rPois   .            (helmet restricted)
rElec   .            (no cloak)
rCorr   .            (gloves unavailable)
SInv    .            (boots unavailable)
Will    .....        (no amulet)
Stlth   +            (no ring)
HPRegen 1.16/turn    (no ring)
MPRegen 0.11/turn

%: no passive effects
@: lethally poisoned (0 -> -13)
A: large, unfitting armour, claws 3, regeneration 1, shaggy fur 1, tough skin 1
a: Renounce Religion


You were on level 8 of the Dungeon.
You worshipped Wu Jian.
Wu Jian was aware of your devotion.
You visited 2 branches of the dungeon, and saw 9 of its levels.
You also visited: Sewer.

You collected 430 gold pieces.
You spent 115 gold pieces at shops.

Inventory:

Missiles
 z - 4 poisoned darts (quivered)
 A - 10 boomerangs
 J - 4 darts of dispersal
Armour
 a - a +0 robe (worn)
 b - a +0 kite shield
 s - a +0 tower shield of protection (worn)
Jewellery
 p - a ring of resist corrosion
 q - a ring of wizardry
 r - a ring of fire
 F - a +6 ring of intelligence
Wands
 m - a wand of mindburst (11)
 G - a wand of flame (31)
Scrolls
 d - a scroll of silence {unknown}
 f - 6 scrolls of identify {@r1}
 g - 3 scrolls of fog {unknown}
 h - 6 scrolls of teleportation {unknown}
 j - 3 scrolls of enchant weapon {unknown}
 k - 2 scrolls of revelation {unknown}
 t - 2 scrolls of enchant armour {unknown}
 v - a scroll of acquirement {unknown}
 y - a scroll of blinking {unknown}
 D - a scroll of amnesia {unknown}
 E - a scroll of vulnerability {unknown}
 H - a scroll of immolation {unknown}
 I - 3 scrolls of noise {unknown}
Potions
 c - 2 potions of might
 e - 2 potions of brilliance {unknown}
 i - 3 potions of curing
 l - 2 potions of heal wounds {unknown}
 n - 2 potions of lignification {unknown}
 o - 3 potions of haste {unknown}
 u - a potion of invisibility {unknown}
 w - 2 potions of mutation {unknown}
 x - 2 potions of resistance {unknown}
 B - 2 potions of enlightenment {unknown}
 C - a potion of ambrosia {unknown}


   Skills:
 + Level 6.0 Fighting
 + Level 5.9 Dodging
 + Level 6.6 Shields
 * Level 9.6 Unarmed Combat


You had 9 spell levels left.
You didn't know any spells.
Your spell library contained the following spells:

 Spells                   Type           Power      Damage    Failure   Level
 Freeze                   Ice            0%         1d3       93%         1
 Cigotuvi's Dreadful Rot  Necr/Alch/Air  0%         N/A       98%         2
 Frozen Ramparts          Ice            0%         1d1       100%        3
 Hailstorm                Conj/Ice       0%         3d5       100%        3
 Summon Ice Beast         Ice/Summ       0%         N/A       100%        3
 Animate Armour           Summ/Erth      0%         N/A       100%        4
 Ignite Poison            Fire/Alch      0%         N/A       100%        4
 Passage of Golubria      Tloc           0%         N/A       100%        4
 Freezing Cloud           Conj/Ice/Air   0%         6-21      100%        5
 Iskenderun's Battlesphe  Conj           0%         2d6       100%        5
 Lee's Rapid Deconstruct  Erth           0%         3d4*      100%        5
 Silence                  Hex/Air        0%         N/A       100%        5
 Yara's Violent Unravell  Hex/Alch       0%         3d3       100%        5
 Permafrost Eruption      Ice/Erth       0%         2x4d1     100%        6
 Sculpt Simulacrum        Ice/Alch       0%         N/A       100%        6
 Starburst                Conj/Fire      0%         6d3       100%        6
 Magnavolt                Erth/Air       0%         3d9       100%        7
 Lehudib's Crystal Spear  Conj/Erth      0%         10d2      100%        8


Dungeon Overview and Level Annotations

Branches:
Dungeon (8/15)             Temple (1/1) D:6           Sewer (visited)
   Lair: D:8-11

Altars:
Ashenzari
Cheibriados
Elyvilon
Gozag
Hepliaklqana
Kikubaaqudgha
Nemelex Xobeh
Okawaru
Qazlal
Ru
Trog
Uskayaw
Vehumet
Wu Jian
Xom
Yredelemnul
The Shining One

Shops:
D:3 [   D:5 *

Annotations:
D:3 3 runed translucent doors, LOGL03's ghost, amateur CoWr


Innate Abilities, Weirdness & Mutations

You are too large for most types of armour.
You have claws for hands.
Your natural rate of healing is unusually fast.
You are covered in fur. (AC +1)
You have tough skin. (AC +1)


Message History

The water moccasin barely misses you. You block the bullfrog's attack.
You scratch the water moccasin but do no damage.
The water moccasin is almost dead.
You feel very sick. You block the scorpion's attack.
The water moccasin closely misses you. You block the bullfrog's attack.
You block the scorpion's attack.
You closely miss the water moccasin.
The water moccasin is almost dead.
You feel very sick. The water moccasin bites you.
* * * LOW HITPOINT WARNING * * *
You are lethally poisoned!
The water moccasin poisons you! You block the bullfrog's attack.
You block the water moccasin's attack.
The bullfrog hits you but does no damage.
The scorpion stings you.
* * * LOW HITPOINT WARNING * * *
You are more poisoned.
The scorpion poisons you!
You feel better. The water moccasin bites you.
* * * LOW HITPOINT WARNING * * *
You block the bullfrog's attack. The water moccasin bites you.
* * * LOW HITPOINT WARNING * * *
You block the scorpion's attack. You block the water moccasin's attack.
Okay, then.
You feel better. The bullfrog closely misses you. The water moccasin bites you.
* * * LOW HITPOINT WARNING * * *
The scorpion stings you.
* * * LOW HITPOINT WARNING * * *
You are poisoned.
The scorpion poisons you! You block the water moccasin's attack.
The bullfrog hits you.
* * * LOW HITPOINT WARNING * * *
The water moccasin bites you.
* * * LOW HITPOINT WARNING * * *
You are lethally poisoned!
The water moccasin poisons you!
Okay, then.
You closely miss the water moccasin.
You die...

PP...................##
P.P..................#
PP.P.............##.##
PPP.P........#...####
P.PP.........#..##
PP.P.P.##....#...#
PPP..PP...h..#...#
.........FSSh#...#
.P..F.†).#@#.....#
.P.PP....#s#......
..PP..#...h......##
..P........#....##
.P..P...#.###.###
.P...####.. ..# P....
##.. .# #


You could see 2 water moccasins, a black bear, a bullfrog, a scorpion and 2
howler monkeys.

Vanquished Creatures
  The ghost of funkygono the Magician, a novice DEFE (D:5)
  Sigmund (D:4)
  An acid dragon (D:7)
  4 water moccasins
  5 black bears
  Pargi (Sewer)
  3 orc warriors
  3 ice beasts
  2 sky beasts (D:7)
  A centaur (D:7)
  4 ogres
  3 bullfrogs
  3 scorpions
  3 wights (D:7)
  3 howler monkeys
  A bombardier beetle (D:7)
  5 hounds
  2 jellies
  A gnoll bouda (D:7)
  3 orc priests
  A sleepcap (D:5)
  6 iguanas
  Terence (D:2)
  4 orc wizards
  7 gnolls
  11 adders
  A river rat (D:4)
  A shadow imp (D:5)
  3 white imps
  3 ribbon worms
  2 dart slugs (D:1)
  23 orcs
  11 ball pythons
  8 endoplasms
  3 giant cockroaches
  12 hobgoblins
  4 jackals (Sewer)
  5 quokkas
  5 bats
  7 frilled lizards
  10 goblins
  10 kobolds
  7 rats
195 creatures vanquished.

Notes
Turn   | Place    | Note
-------+----------+-------------------------------------------
     0 | D:1      | Autsider the Troll Fighter began the quest for the Orb.
     0 | D:1      | Reached XP level 1. HP: 22/22 MP: 0/0
    79 | D:1      | Reached XP level 2. HP: 27/29 MP: 1/1
   300 | D:1      | Reached XP level 3. HP: 36/36 MP: 2/2
   307 | D:1      | Found a faded altar of an unknown god.
   655 | D:2      | Reached skill level 3 in Unarmed Combat
   856 | D:2      | Noticed Terence
   874 | D:2      | Killed Terence
   875 | D:2      | Reached XP level 4. HP: 31/44 MP: 3/3
  1318 | D:3      | Reached XP level 5. HP: 53/53 MP: 4/4
  1334 | D:3      | Identified the +1 quarterstaff of Descent {vamp, ^Contam
                  | Str+6 Dex-5 Stlth+}
  1372 | D:3      | Found a runed translucent gate.
  1396 | D:3      | Got Sif Muna's Folio of the Flashy Panacea
  1415 | D:3      | Found a bloodstained altar of Trog.
  1446 | D:3      | Found Omoixaen's Armour Boutique.
  1537 | D:3      | Noticed LOGL03's ghost (amateur CoWr)
  1544 | D:3      | Found a runed translucent gate.
  1552 | D:3      | Found a runed translucent gate.
  1951 | D:3      | Bought a +0 tower shield of protection for 115 gold pieces
  2060 | D:4      | Reached skill level 4 in Unarmed Combat
  2100 | D:4      | Reached XP level 6. HP: 61/61 MP: 5/5
  2314 | D:4      | Reached skill level 5 in Unarmed Combat
  2314 | D:4      | Reached XP level 7. HP: 20/68 MP: 6/6
  2494 | D:4      | Found a glowing drain.
  2498 | Sewer    | Entered a sewer
  2558 | Sewer    | Noticed Pargi
  2587 | Sewer    | Killed Pargi
  3085 | D:4      | Noticed Sigmund
  3123 | D:4      | Killed Sigmund
  3124 | D:4      | Reached skill level 6 in Unarmed Combat
  3124 | D:4      | Reached XP level 8. HP: 41/78 MP: 7/7
  3406 | D:5      | Entered Level 5 of the Dungeon
  3617 | D:5      | Found a radiant altar of Vehumet.
  3622 | D:5      | Found a glowing golden altar of the Shining One.
  3627 | D:5      | Found a white marble altar of Elyvilon.
  3797 | D:5      | Found a runed translucent door.
  3798 | D:5      | Noticed funkygono's ghost (novice DEFE)
  3813 | D:5      | Reached skill level 5 in Shields
  3830 | D:5      | Found Leliref's Serpentskin Sales.
  3953 | D:5      | Reached skill level 7 in Unarmed Combat
  4058 | D:5      | Killed funkygono's ghost
  4138 | D:6      | Reached skill level 5 in Fighting
  4163 | D:6      | Reached XP level 9. HP: 88/88 MP: 8/8
  4179 | D:6      | Reached skill level 5 in Dodging
  4225 | D:6      | Found a staircase to the Ecumenical Temple.
  4287 | Temple   | Entered the Ecumenical Temple
  4318 | Temple   | Became a worshipper of the Wu Jian Council
  4404 | D:6      | Reached skill level 8 in Unarmed Combat
  5428 | D:7      | Found a sacrificial altar of Ru.
  5620 | D:7      | Found a sparkling altar of Nemelex Xobeh.
  6061 | D:7      | Reached skill level 9 in Unarmed Combat
  6071 | D:7      | Reached * piety under Wu Jian
  6528 | D:8      | Reached XP level 10. HP: 97/98 MP: 9/9
  6563 | D:8      | Succumbed to a water moccasin's poison

Illustrated notes

Levels and vault maps discovered:
D:1:      lightli_arrival_isolated_outpost, layout_rooms,
          hellmonk_ecumenical_altar_crossroads
D:2:      layout_basic, uniq_terence
D:3:      layout_basic, trog_butcher_becter, gammafunk_ghost_split,
          serial_shops, shop, st_stairs_4
D:4:      minmay_razor_zed, layout_rooms, gup_sewer_entry_spiral,
          kennysheep_generic_room_14, uniq_sigmund
D:5:      layout_basic, grunt_temple_overflow_open, gammafunk_ghost_grave,
          interstate_on_off, guppyfry_shop_venom
D:6:      layout_layer_cave, temple_green, serial_rivers,
          chequers_serial_rivers_large_a, chequers_serial_rivers_micro_b,
          chequers_serial_rivers_micro_c, chequers_serial_rivers_micro_d
D:7:      layout_loops_corners, mainiacjoe_overflow_chevrons,
          nemelex_spade_bored_becter, minmay_increasing_density
D:8:      layout_cave_pools, nicolae_overflow_macrodata_refinement,
          due_lair_maze_entry_diamond, kennysheep_minor_cross,
          minmay_misc_feat_x, grunt_decor_one_mirror, uniq_erica
Temple:   grunt_temple_mini_profane

Skill      XL: |  1  2  3  4  5  6  7  8  9 10 |
---------------+-------------------------------+-----
Shields        | 3 4 5 6 |  6.6
Unarmed Combat | 3 4 5 6 7 9 |  9.6
Fighting       | 3 4 5 6 |  6.0
Dodging        | 3 4 5 |  5.9

Action                     |  1- 3 |  4- 6 |  7- 9 | 10-12 || total
---------------------------+-------+-------+-------+-------++-------
  Melee: Unarmed           |   102 |   131 |   363 |    31 ||   627
Ability: Lunge             |       |       |    13 |       ||    13
         Whirlwind         |       |       |       |     3 ||     3
    Use: Scroll            |       |     1 |       |       ||     1
         Potion            |       |       |       |     2 ||     2
   Stab: Sleeping          |       |       |     1 |       ||     1
 Armour: Robe              |    54 |    76 |   213 |    42 ||   385
  Dodge: Dodged            |    30 |    45 |    95 |    15 ||   185
  Block: Kite shield       |    45 |    36 |       |       ||    81
         Tower shield      |       |    39 |   272 |    56 ||   367

Table legend: (Time is in decaauts)
 A = Elapsed time spent in this place.
 B = Non-inter-level travel time spent in this place.
 C = Inter-level travel time spent in this place.
 D = Time resting spent in this place.
 E = Time spent auto-exploring this place.
 F = Levels seen in this place.
 G = Mean time per level.
                   A        B        C        D        E       F      G
               +--------+--------+--------+--------+--------+-----+--------+
         Total |   6621 |   6072 |    549 |     43 |   4609 |  10 |  662.1 |
       Dungeon |   6409 |   5918 |    491 |     43 |   4527 |   8 |  801.1 |
        Temple |     58 |      1 |     57 |      0 |      0 |   1 |   58.0 |
         Sewer |    153 |    153 |      0 |      0 |     82 |   1 |  153.0 |
               +--------+--------+--------+--------+--------+-----+--------+

Top non-repeatable levels by time:
     D:4: 1239 daAuts
     D:7: 1156 daAuts
     D:6: 1146 daAuts
     D:3: 796 daAuts
     D:2: 759 daAuts
     D:5: 721 daAuts
     D:1: 495 daAuts
   Sewer: 153 daAuts
     D:8: 93 daAuts
  Temple: 58 daAuts
